Map: Ephemeron LE

Players

Makhaos - Winner!

  • Race: Zerg Zerg
  • Spawn Location: 5:00

VOD

Have the link to the VOD?

Description

Time

  • Played on: Dec. 6, 2019, 6:55 p.m.
  • Length: 6:31
Show
View Real Time Build Order
Export as new Build Order

Makhaos Zerg - Winner!

Build Orders: Pool First 

Get SALT Encoding   

  12  0:03  Drone  
  12  0:12  Overlord  
  12  0:18  Drone  
  12  0:30  Drone x2  
  12  0:42  Spawning Pool  
  12  0:46  Drone  
  12  0:50  Drone  
  12  1:12  Hatchery  
  12  1:16  Extractor  
  12  1:17  Drone  
  12  1:24  Drone  
  12  1:31  Zergling x4  
  12  1:38  Queen  
  12  1:42  Zergling x2  
  12  1:59  Overlord  
  12  2:20  Metabolic Boost, Drone  
  12  2:23  Queen  
  12  2:25  Queen  
  12  2:28  Drone  
  12  2:36  Overlord  
  12  2:43  Drone x2  
  12  2:50  Drone x2  
  12  3:00  Lair  
  12  3:03  Drone  
  12  3:06  Drone  
  12  3:14  Evolution Chamber  
  12  3:21  Roach Warren  
  12  3:23  Drone  
  12  3:24  Drone  
  12  3:29  Drone  
  12  3:30  Drone  
  12  3:32  Drone  
  12  3:35  Drone  
  12  3:40  Overlord  
  12  3:47  Drone  
  12  3:48  Drone  
  12  3:49  Drone  
  12  3:51  Drone  
  12  3:56  Extractor  
  12  4:00  Zerg Missile Weapons Level 1  
  12  4:01  Extractor  
  12  4:03  Drone  
  12  4:06  Drone  
  12  4:20  Drone  
  12  4:21  Drone x2  
  12  4:23  Overlord x2  
  12  4:26  Drone  
  12  4:34  Drone  
  12  4:35  Drone x3  
  12  4:37  Drone  
  12  4:38  Glial Reconstitution  
  12  4:41  Drone  
  12  4:50  Drone x2  
  12  4:56  Roach x2  
  12  4:57  Roach  
  12  5:00  Roach  
  12  5:03  Overlord  
  12  5:15  Extractor  
  12  5:16  Roach x2  
  12  5:18  Hatchery  
  12  5:25  Overlord  
  12  5:26  Roach x2  
  12  5:27  Roach  
  12  5:28  Roach  
  12  5:38  Evolution Chamber  
  12  5:43  Drone x5  
  12  5:52  Roach  
  12  5:53  Roach x3  
  12  5:54  Overlord  
  12  6:18  Ravager  
  12  6:19  Ravager x3  
  12  6:21  Ravager  
Tags
 
Add a new tag
Caveats
  • Supply blocks, unpowered buildings, or Contaminate may cause inaccurate times.
  • Supply counts are checked every 10 seconds.